[Event "*** Biggest EVER Titled Tuesday"]
[Site "Chess.com"]
[Date "2018.04.17"]
[Round "2"]
[White "Eliwood44"]
[Black "vuqaresedli"]
[Result "0-1"]
[WhiteElo "2148"]
[BlackElo "2254"]
[TimeControl "180+2"]
[EndTime "13:22:09 PDT"]
[Termination "vuqaresedli won by checkmate"]

1. d4 Nf6 2. Nf3 e6 3. g3 b6 4.
Bg2 Bb7 5. O-O Be7 6. c4 O-O 7.
d5 exd5 8. Nh4 c6 9. cxd5 Nxd5 10. Nf5 Nc7 11. e4 d5 12. e5 Nd7 13. Re1 Ne6 14.
Nc3 Re8 15. Qg4 Bc5 16. h4 Qc7 17. Bf4 Ndf8 18. h5 Bc8 19. Rac1 g6 20. b4 Nxf4 21.
Nh6+ Kg7 22. Qxf4 Ne6 23. Qf6+ Kxh6 24. bxc5 Qe7 25. hxg6 Qxf6 26. exf6 Kxg6 27. cxb6 axb6 28. f4 Kxf6 29. g4 Bd7 30. f5 Ng5 31. Rxe8 Rxe8 32. Na4 b5 33. Nb6 Re7 34. Nxd7+ Rxd7 35. Rxc6+ Ke5 36.
Rc5 b4 37. Rb5 Kf4 38. Rxb4+ Kg3 39. Rb3+ Kxg4 40. a4 d4 41. Rd3 Kxf5 42. a5 Ke5 43. a6 Ne4 44. Kf1 f5 45. Ke2 Ra7 46. Rh3 Rxa6 47. Rxh7 Ra2+ 48. Kf1 d3 49. Rd7 Ra1# 0-1

[Event "*** Biggest EVER Titled Tuesday"]
[Site "Chess.com"]
[Date "2018.04.17"]
[Round "2"]
[White "Martins-BR"]
[Black "itisabigworld"]
[Result "0-1"]
[WhiteElo "2220"]
[BlackElo "2321"]
[TimeControl "180+2"]
[EndTime "13:22:10 PDT"]
[Termination "itisabigworld won by resignation"]

1. e4 c5 2. Nf3 e6 3. d4 cxd4 4. Nxd4 Nc6 5. Nc3 a6 6. Be3 Nf6 7. a3 Qc7 8. Be2 b5 9. Nxc6 dxc6 10. f4 e5 11. f5 Bb7 12. O-O Rd8 13. Qe1 c5 14.
Bf3 c4 15. Qg3 Bc5 16. Bxc5 Qxc5+ 17. Kh1 O-O 18. Rad1 Rd4 19. Qh4 h6 20. Rde1 Rd2 21. g4 Nh7 22. Qg3 Rxc2 23. h4 f6 24. Nd1 Rd8 25.
Rf2 Rxf2 26. Nxf2 Rd2 27. Nh3 c3 28. g5 hxg5 29. hxg5 c2 30. gxf6 Nxf6 31. Rg1 Qc7 32. Ng5 c1=Q 33. Ne6 Qxg1+ 34. Qxg1 Qe7 35. Qe3 Nxe4 36.
Kg1 Qh4 37. Bxe4 Rd1+ 38. Kg2 Bxe4+ 0-1

[Event "*** Biggest EVER Titled Tuesday"]
[Site "Chess.com"]
[Date "2018.04.17"]
[Round "2"]
[White "EndgameGrinder"]
[Black "Vamostodorecto"]
[Result "1-0"]
[WhiteElo "2499"]
[BlackElo "2361"]
[TimeControl "180+2"]
[EndTime "13:22:10 PDT"]
[Termination "EndgameGrinder won by resignation"]

1. e4 e5 2. Nf3 Nc6 3. d4 exd4 4. Nxd4 Nf6 5. Nxc6 bxc6 6. e5 Qe7 7. Qe2 Nd5 8.
c4 Ba6 9. Nd2 Nf4 10. Qe4 Ng6 11. f4 O-O-O 12. Bd3 Bb7 13. O-O c5 14. Qe2 d6 15.
exd6 cxd6 16. b3 Qf6 17. Rb1 Qe7 18. Bb2 Qxe2 19. Bxe2 f6 20. g3 Be7 21. Rbe1 Rhe8 22. Bh5 Bf8 23. Rxe8 Rxe8 24. f5 Re3 25. fxg6 hxg6 26.
Bxg6 Re2 27. Rf2 Re1+ 28. Rf1 Re2 29. Rf2 Re1+ 30. Nf1 d5 31. cxd5 c4 32. Bd4 Bxd5 33. bxc4 Bxc4 34. Rc2 Rxf1+ 35. Kg2 Rd1 36. Rxc4+ Kb7 37.
Be4+ Ka6 38. Be3 Re1 39. Kf2 Ra1 40. Ra4+ Kb5 41. Rxa7 Bb4 42. a4+ Kc4 43. Rc7+ Kb3 44.
Bc2+ Ka3 45. Bc5 Ra2 46. Bxb4+ Kxb4 47. h4 g5 48. h5 Ra1 49. Kg2 Rc1 50. h6 1-0

[Event "*** Biggest EVER Titled Tuesday"]
[Site "Chess.com"]
[Date "2018.04.17"]
[Round "2"]
[White "NTBT_DHS"]
[Black "Imre91"]
[Result "1/2-1/2"]
[WhiteElo "2501"]
[BlackElo "2676"]
[TimeControl "180+2"]
[EndTime "13:22:11 PDT"]
[Termination "Game drawn by repetition"]

1. d4 d5 2. c4 c6 3. Nf3 Nf6 4. Nc3 a6 5. c5 g6 6. h3 Bg7 7. Bf4 O-O 8. e3 Bf5 9. Qb3 Ra7 10. Be2 Ne4 11. Nxe4 Bxe4 12. O-O Bxf3 13. Bxf3 Nd7 14. Rfd1 e5 15. dxe5 Nxc5 16. Qc2 Ne6 17. Bg3 Qb8 18. e4 d4 19. Bg4 Bxe5 20. Bxe6 fxe6 21. Qc4 Bxg3 22.
Qxe6+ Kg7 23. fxg3 b5 24. e5 Re8 25. Qf6+ Kg8 26.
Qxc6 Qxe5 27. Kh2 Rc7 28. Qxa6 Qd5 29. Rd2 Rce7 30. Rf1 Re3 31. Qf6 d3 32. Rf4 Re2 33.
Rf2 Rxd2 34. Rxd2 Re2 35. Rxe2 dxe2 36. Qe7 Qd1 37. Qe8+ Kg7 38. Qe7+ Kg8 39. Qe8+ Kg7 40. Qe7+ Kg8 1/2-1/2

[Event "*** Biggest EVER Titled Tuesday"]
[Site "Chess.com"]
[Date "2018.04.17"]
[Round "2"]
[White "Infernal_XaM"]
[Black "ViktorMatviishen"]
[Result "1-0"]
[WhiteElo "2735"]
[BlackElo "2518"]
[TimeControl "180+2"]
[EndTime "13:22:12 PDT"]
[Termination "Infernal_XaM won by resignation"]

1. e4 e5 2. Nf3 Nc6 3. Bc4 Bc5 4. a3 a6 5. b4 Ba7 6. Bb2 d6 7. O-O Bg4 8. h3 Bh5 9. d3 Nf6 10. Nbd2 O-O 11. g4 Bg6 12. Ba2 Re8 13. Re1 Qd7 14.
Nh4 Nd4 15. Ndf3 Ne6 16. Ng2 h6 17. Nfh4 Bh7 18. Nf5 Ng5 19. Kh2 Bxf2 20. Rf1 Bb6 21. Nxh6+ Kh8 22. h4 Ne6 23. Rxf6 gxf6 24. Qf3 Qe7 25.
Rf1 Kg7 26. Nf5+ Bxf5 27. gxf5 Nf8 28. Qh5 Nh7 29. Rf3 Rg8 30. Bc1 Kh8 31. Bxf7 Rg7 32. Bg6 Rag8 33. Bh6 d5 34. exd5 e4 35. Bxg7+ Rxg7 36. dxe4 Qxe4 37. Rg3 Bf2 38. Rd3 Bd4 39. Qf3 Be5+ 40.
Kh3 Qc4 41. Ne3 Qa2 42. Ng4 Bd6 43. Re3 Qa1 44. c4 Qg1 45. c5 Bf4 46. Qxf4 Qh1+ 47. Nh2 1-0

[Event "*** Biggest EVER Titled Tuesday"]
[Site "Chess.com"]
[Date "2018.04.17"]
[Round "2"]
[White "FCChelsea14"]
[Black "mukhin1"]
[Result "0-1"]
[WhiteElo "2561"]
[BlackElo "2915"]
[TimeControl "180+2"]
[EndTime "13:22:13 PDT"]
[Termination "mukhin1 won by resignation"]

1. d4 e6 2. Nf3 Nf6 3. c4 b6 4. g3 Bb7 5. Bg2 Bb4+ 6. Nbd2 Be7 7. O-O O-O 8. Qc2 c5 9. dxc5 bxc5 10. b3 Nc6 11.
Bb2 d6 12. Rad1 a5 13. a4 Nb4 14. Qb1 h6 15. Qc1 Qb6 16. Nb1 Be4 17. Nc3 Bc2 18. Nd2 Rad8 19. Rde1 d5 20. Nb5 d4 21. Ba3 d3 22. e3 Ng4 23. Bb2 Bf6 24. Bxf6 Nxf6 25. Qb2 Rfe8 26. Rc1 e5 27. e4 Nc6 28. Rxc2 dxc2 29. Qxc2 Nb4 30. Qb2 Rd3 31. Nb1 Nc6 32. N1c3 Nd4 33. Qb1 Rd2 34. Rd1 Rxd1+ 35. Qxd1 Rd8 36.
Nd5 Nxd5 37. exd5 g6 38. h4 h5 39. Qd3 Kg7 40. Kh2 Qf6 41. Qe3 Re8 42. Be4 Rf8 43.
Kg2 Qd8 44. Bd3 Re8 45. Be2 Qf6 46. Bd1 e4 47. Nc3 Nf5 48. Qc1 e3 49. f3 Qe5 50.
Ne4 Nd4 51. Qxe3 f5 0-1

[Event "*** Biggest EVER Titled Tuesday"]
[Site "Chess.com"]
[Date "2018.04.17"]
[Round "2"]
[White "Blitzking4444"]
[Black "joshuacao"]
[Result "1-0"]
[WhiteElo "1961"]
[BlackElo "2003"]
[TimeControl "180+2"]
[EndTime "13:22:13 PDT"]
[Termination "Blitzking4444 won by resignation"]

1. e4 c5 2. Nf3 Nc6 3. Bb5 g6 4.
Bxc6 dxc6 5. h3 Bg7 6. d3 e5 7.
Nbd2 Qe7 8. Nc4 Nf6 9. a4 O-O 10. a5 Ne8 11. Be3 Nc7 12. O-O Nb5 13. Kh1 Nd4 14. Nh2 Be6 15. b3 Rfd8 16. Ra3 Nb5 17. Ra1 Nd4 18. Ra4 Qc7 19. f4 b5 20. axb6 axb6 21. Rxa8 Rxa8 22. Nxe5 Ra2 23. Bxd4 cxd4 24. Nef3 Qa7 25. g4 f5 26. Ng5 Bd7 27. gxf5 gxf5 28. e5 c5 29. Nhf3 Bc6 30. Kg1 Qa3 31. Nh4 Qb2 32.
Nxf5 Qxc2 33. Qxc2 Rxc2 34. Rf2 Rc1+ 35. Kh2 Rc3 36. Ne7+ 1-0

[Event "*** Biggest EVER Titled Tuesday"]
[Site "Chess.com"]
[Date "2018.04.17"]
[Round "2"]
[White "PchelkinVK"]
[Black "WarlordX"]
[Result "1-0"]
[WhiteElo "2423"]
[BlackElo "2270"]
[TimeControl "180+2"]
[EndTime "13:22:15 PDT"]
[Termination "PchelkinVK won by resignation"]

1. d4 Nf6 2. Nc3 d5 3. Bf4 Bf5 4. Nf3 h6 5. e3 e6 6. Ne5 Bd6 7. g4 Bh7 8. h4 Ne4 9. Nxe4 Bxe4 10. f3 Bh7 11. c3 Nd7 12. Qa4 Bxe5 13. Bxe5 O-O 14.
Bg3 c5 15. Bd6 Re8 16. dxc5 a6 17. Be2 Rc8 18. Qd4 Nb8 19. O-O-O Qa5 20. a3 Nc6 21. Qd2 Qa4 22. Bd3 Na5 23. Bxh7+ Kxh7 24. Qc2+ Qxc2+ 25. Kxc2 g6 26. e4 Nc4 27. Rhe1 Rcd8 28. exd5 exd5 29.
Rxe8 Rxe8 30. Kb3 Re2 31. Rxd5 Nxb2 32. Re5 Rd2 33. Re7 Kg7 34. g5 hxg5 35. hxg5 Nd1 36. Rxb7 Rd3 37. Be5+ Kf8 38. Bf6 Ke8 39. c6 Nxc3 40.
Rb8+ 1-0

[Event "*** Biggest EVER Titled Tuesday"]
[Site "Chess.com"]
[Date "2018.04.17"]
[Round "2"]
[White "pedromartinez91"]
[Black "Safar_From_Afar"]
[Result "1-0"]
[WhiteElo "2411"]
[BlackElo "2263"]
[TimeControl "180+2"]
[EndTime "13:22:21 PDT"]
[Termination "pedromartinez91 won by resignation"]

1. d4 Nf6 2. c4 g6 3. g3 Bg7 4. Bg2 O-O 5. Nc3 d6 6. Nf3 Nc6 7. O-O Bf5 8. Nh4 Bd7 9. Nf3 Bf5 10. h3 Ne4 11. Nd5 h5 12. Nh4 e6 13. Nxf5 exf5 14.
e3 Re8 15. h4 a5 16. a4 Nb4 17. Nf4 Bh6 18. Nd3 Nxd3 19. Qxd3 c6 20. b3 d5 21. Rb1 Qe7 22. Ra1 Qf6 23. Ba3 Bf8 24. Bxf8 Kxf8 25.
cxd5 cxd5 26. Bxe4 fxe4 27. Qb5 Qf5 28. Rac1 g5 29. Rc5 Red8 30. hxg5 Qxg5 31. Rc7 h4 32. Qxb7 hxg3 33. Rxf7+ Kg8 34. Rf4 g2 35. Rc1 Qh5 36.
Kxg2 Qg5+ 37. Kf1 Rdc8 1-0

[Event "*** Biggest EVER Titled Tuesday"]
[Site "Chess.com"]
[Date "2018.04.17"]
[Round "2"]
[White "Raffael89"]
[Black "toad"]
[Result "1-0"]
[WhiteElo "2115"]
[BlackElo "2208"]
[TimeControl "180+2"]
[EndTime "13:22:21 PDT"]
[Termination "Raffael89 won by checkmate"]

1. Nf3 Nf6 2. e3 g6 3. d4 Bg7 4. b3 b6 5. Bb2 Bb7 6. Be2 O-O 7.
O-O d5 8. c4 Nbd7 9. Nc3 c5 10.
cxd5 Nxd5 11. Rc1 Rc8 12. Bc4 Nxc3 13. Bxc3 e6 14. d5 Bxc3 15. dxe6 Bg7 16. Qxd7 Qxd7 17. exd7 Rc7 18. Rfd1 Rd8 19. Ng5 Rdxd7 20. Rxd7 Rxd7 21.
Nxf7 b5 22. Ne5+ bxc4 23. Nxd7 c3 24. Nxc5 Bd5 25. Na4 Be6 26. Nxc3 Kf7 27. Nb5 a6 28. Nc7 Bf5 29. Nxa6 Ke6 30. b4 Bb2 31. Rd1 h5 32. b5 h4 33. b6 Be4 34. Nc5+ Ke5 35. Nxe4 Kxe4 36. f4 Kxe3 37. b7 Ke2 38. Rd7 h3 39.
gxh3 g5 40. fxg5 Ke1 41. b8=Q Ke2 42. Qxb2+ Ke1 43. Qd2# 1-0

[Event "*** Biggest EVER Titled Tuesday"]
[Site "Chess.com"]
[Date "2018.04.17"]
[Round "2"]
[White "MikaelyanArman"]
[Black "Gr3egor"]
[Result "1-0"]
[WhiteElo "2590"]
[BlackElo "2318"]
[TimeControl "180+2"]
[EndTime "13:22:22 PDT"]
[Termination "MikaelyanArman won by resignation"]

1. d4 Nf6 2. Bg5 d5 3. e3 e6 4. Nf3 h6 5. Bh4 Be7 6. c4 O-O 7. Nc3 Nbd7 8. Rc1 c6 9. a3 Re8 10. Bd3 dxc4 11. Bxc4 Nd5 12. Bxe7 Qxe7 13. O-O N7b6 14.
Bd3 Nxc3 15. Rxc3 Nd5 16. Rc5 Bd7 17. Bb1 Rac8 18. Qd3 g6 19. e4 Nf6 20. e5 Nd5 21.
Qd2 Kg7 22. Re1 b6 23. Rcc1 c5 24. Rcd1 c4 25. Rc1 b5 26. h4 c3 27. bxc3 Qxa3 28. h5 Rxc3 29. hxg6 fxg6 30. Be4 Rec8 31. Ra1 Qe7 32.
Rxa7 R8c7 33. Rxc7 Rxc7 34. Bxd5 exd5 35. e6 Be8 36. Qf4 Rc3 37. Qe5+ Kh7 38. Qf4 Kg7 39.
Ne5 b4 40. Ng4 Qg5 41. Qd6 Rc6 42. Qxb4 Qxg4 43. Qe7+ 1-0

[Event "*** Biggest EVER Titled Tuesday"]
[Site "Chess.com"]
[Date "2018.04.17"]
[Round "2"]
[White "Bauxi435"]
[Black "Rish_97"]
[Result "1-0"]
[WhiteElo "2436"]
[BlackElo "2284"]
[TimeControl "180+2"]
[EndTime "13:22:23 PDT"]
[Termination "Bauxi435 won by checkmate"]

1. d4 d5 2. c4 e6 3. Nc3 Nf6 4. cxd5 exd5 5. Bg5 c6 6. e3 Na6 7. Bd3 Nc7 8. Nge2 Ne6 9. Bh4 g5 10. Bg3 h5 11. h4 g4 12. Be5 Bd6 13. f4 Rh6 14. Ng3 Be7 15. Nf5 Rh8 16. Nxe7 Qxe7 17. Qb3 Rg8 18. g3 Nd7 19. Qa3 c5 20. Nxd5 Qd8 21. Bb5 Kf8 22. Bxd7 Bxd7 23. Nf6 Bc6 24. Rh2 Rg6 25. Nh7+ Kg8 26. Ng5 cxd4 27. Nxe6 Rxe6 28.
Rd1 Qd5 29. Bxd4 Rae8 30. Rf2 Re4 31. Qc5 Qxa2 32. Qg5+ Kf8 33. Qh6+ Ke7 34. Qf6+ Kf8 35. Qg7+ Ke7 36. Qg5+ Kf8 37. Bg7+ Kg8 38. Bf6+ Kh7 39. Qg7# 1-0

[Event "*** Biggest EVER Titled Tuesday"]
[Site "Chess.com"]
[Date "2018.04.17"]
[Round "2"]
[White "bugsbunny444"]
[Black "underdogchss"]
[Result "1/2-1/2"]
[WhiteElo "2421"]
[BlackElo "2383"]
[TimeControl "180+2"]
[EndTime "13:22:24 PDT"]
[Termination "Game drawn by agreement"]

1. Nf3 Nf6 2. c4 c5 3. g3 b6 4. Bg2 Bb7 5. O-O g6 6. b3 Bg7 7. Bb2 O-O 8. Nc3 e6 9. d4 Ne4 10. Qc2 Nxc3 11. Bxc3 cxd4 12. Bxd4 Nc6 13. Bxg7 Kxg7 14. Rfd1 Qe7 15. Qb2+ Kg8 16. Ne5 Rad8 17.
Ng4 f6 18. Rd2 Na5 19. Rad1 Bxg2 20. Kxg2 Nb7 21. e4 d6 22. f4 Nc5 23. Qd4 Qb7 24.
Nf2 f5 25. Re1 a5 26. Kg1 Qg7 27. exf5 Qxd4 28. Rxd4 gxf5 29. Red1 Nb7 30. Re1 Kf7 31. Rd2 Rg8 32. Nd3 h5 33. Kf2 Nc5 34. Nxc5 bxc5 35.
Rde2 Rg6 36. Re3 Rd7 37. h4 Rd8 38. a4 Rd7 39. R1e2 1/2-1/2

[Event "*** Biggest EVER Titled Tuesday"]
[Site "Chess.com"]
[Date "2018.04.17"]
[Round "2"]
[White "Anar_Aliakbarov"]
[Black "djano"]
[Result "1-0"]
[WhiteElo "2398"]
[BlackElo "2444"]
[TimeControl "180+2"]
[EndTime "13:22:26 PDT"]
[Termination "Anar_Aliakbarov won by resignation"]

1. d4 Nf6 2. c4 g6 3. Nc3 d5 4. Nf3 Bg7 5. Qb3 dxc4 6. Qxc4 O-O 7. e4 Nc6 8. Be3 Bg4 9. Rd1 Nd7 10. Be2 Bxf3 11.
Bxf3 e5 12. dxe5 Ncxe5 13. Qe2 Nxf3+ 14. Qxf3 Ne5 15. Qe2 Qh4 16. h3 c6 17. O-O b5 18.
b3 Rfe8 19. f4 Nc4 20. bxc4 Bxc3 21. cxb5 Rxe4 22. Qd3 Rae8 23. Qxc3 Rxe3 24. Qxc6 Re2 25.
a4 R8e3 26. Rf3 Re6 27. Qc8+ Re8 28. Qg4 Qe7 29. Kh2 f5 30. Qg5 Qc7 31. Rfd3 R2e4 32.
Rd7 Qxf4+ 33. Qxf4 Rxf4 34. Rxa7 Rf2 35. b6 f4 36. b7 f3 37. Ra8 Rxg2+ 38. Kh1 1-0

[Event "*** Biggest EVER Titled Tuesday"]
[Site "Chess.com"]
[Date "2018.04.17"]
[Round "2"]
[White "Sam_ChessMood"]
[Black "Korchmar_Vasiliy"]
[Result "0-1"]
[WhiteElo "2628"]
[BlackElo "2672"]
[TimeControl "180+2"]
[EndTime "13:22:28 PDT"]
[Termination "Korchmar_Vasiliy won by resignation"]

1. e4 c5 2. Nf3 d6 3. Bb5+ Nd7 4. O-O a6 5. Bd3 Ngf6 6. Re1 e6 7. c3 b5 8. Bc2 Bb7 9. d4 Be7 10. Nbd2 O-O 11.
Nf1 Qc7 12. Ng3 Rfc8 13. Bd3 Nf8 14. h4 Ng4 15. Bg5 h6 16. Bd2 Qd8 17. h5 Bf6 18.
Qe2 b4 19. Rad1 a5 20. Bf4 cxd4 21. cxd4 e5 22. dxe5 dxe5 23. Bc1 Be7 24. Nf5 Bc5 25. Ne3 Bxe3 26. Bxe3 Qf6 27. Rc1 Ne6 28. a3 bxa3 29. bxa3 Qe7 30. Rb1 Rc7 31. Rec1 Rac8 32. Rxc7 Rxc7 33.
Bb6 Nf4 34. Qf1 Rc3 35. Rd1 Qd6 36. Bxa5 Rxd3 0-1

[Event "*** Biggest EVER Titled Tuesday"]
[Site "Chess.com"]
[Date "2018.04.17"]
[Round "2"]
[White "MattyDPerrine"]
[Black "Kislov_Oleg"]
[Result "1-0"]
[WhiteElo "2246"]
[BlackElo "2271"]
[TimeControl "180+2"]
[EndTime "13:22:28 PDT"]
[Termination "MattyDPerrine won by resignation"]

1. Nf3 d5 2. g3 Nf6 3. Bg2 Bg4 4. Ne5 Bh5 5. c4 e6 6. d4 c6 7. h3 Nfd7 8. Nd3 dxc4 9. Nf4 Bg6 10. Nc3 Qa5 11.
h4 Nf6 12. Bd2 Bb4 13. a3 Bxc3 14. Bxc3 Qc7 15. h5 Bf5 16. h6 g5 17. Nh5 Nxh5 18.
Rxh5 Rg8 19. e4 Bg6 20. Rxg5 Nd7 21. Qa4 Nb6 22. Qa5 f6 23. Rc5 a6 24. Rxc4 O-O-O 25. Rb4 Nd7 26. Rb3 Qxa5 27. Bxa5 Rde8 28. Rc1 e5 29. d5 c5 30. Bh3 Bxe4 31. Rxc5+ Kb8 32.
Bxd7 Re7 33. Rc7 Bxd5 34. Rbc3 Rd8 35. Bf5 Rde8 36. Rxe7 Rxe7 37. Bd8 Re8 38. Bxf6 e4 39. Bd4 Bc6 40. g4 Rd8 41. Be3 Ba4 42. b3 Bb5 43. Bxe4 1-0

[Event "*** Biggest EVER Titled Tuesday"]
[Site "Chess.com"]
[Date "2018.04.17"]
[Round "2"]
[White "GianmarcoVaR"]
[Black "Zaven_ChessMood"]
[Result "0-1"]
[WhiteElo "2550"]
[BlackElo "2843"]
[TimeControl "180+2"]
[EndTime "13:22:29 PDT"]
[Termination "Zaven_ChessMood won by resignation"]

1. d4 Nf6 2. Nf3 g6 3. c4 Bg7 4.
g3 O-O 5. Bg2 d6 6. O-O Nbd7 7.
Nc3 e5 8. e4 Re8 9. h3 c6 10.
Re1 Qe7 11. d5 Rf8 12. Be3 c5 13. a3 Ne8 14. b4 b6 15. Qc2 h6 16. Nd2 f5 17. f4 g5 18. exf5 exf4 19. gxf4 gxf4 20.
Bxf4 Ne5 21. Bxe5 Bxe5 22. Nf3 Bxf5 23. Qd2 Bxc3 24. Rxe7 Bxd2 25. Nxd2 Nf6 26. Rf1 Nh5 27. Kh2 Ng7 28. Be4 Bxe4 29. Rxf8+ Kxf8 30. Rxe4 cxb4 31. axb4 a5 32. bxa5 bxa5 33. Re3 Kf7 34. Ne4 Nf5 35. Rf3 Kg6 36. Ra3 Re8 37. Ng3 Re3 38. Rxa5 Rxg3 39.
c5 dxc5 40. Rxc5 Rd3 41. Rc6+ Kg5 42. Rc5 Rd2+ 43. Kg1 Kf4 44. Rc3 Ne3 45. d6 Rxd6 46. Ra3 Kf3 47. h4 h5 48. Kh2 Rd2+ 49. Kh3 Rd1 50.
Kh2 Ke4 51. Ra4+ Rd4 52. Ra2 Kf3 53. Kh3 Rd1 54. Rh2 Rc1 55. Rd2 Rh1+ 56. Rh2 Rxh2+ 57. Kxh2 Kg4 0-1

[Event "*** Biggest EVER Titled Tuesday"]
[Site "Chess.com"]
[Date "2018.04.17"]
[Round "2"]
[White "Kazakov_Konstantin"]
[Black "NMJeevanK"]
[Result "1-0"]
[WhiteElo "2463"]
[BlackElo "2288"]
[TimeControl "180+2"]
[EndTime "13:22:31 PDT"]
[Termination "Kazakov_Konstantin won by resignation"]

1. e4 e5 2. Nf3 Nc6 3. Nc3 Nf6 4. h3 Be7 5. d4 exd4 6. Nxd4 Nxd4 7. Qxd4 d6 8. Bg5 h6 9. Be3 Be6 10. O-O-O Nd7 11. Nd5 Bxd5 12. exd5 Bf6 13. Qe4+ Qe7 14.
Qxe7+ Bxe7 15. Bb5 a6 16. Bd3 Ne5 17. Be2 O-O-O 18.
Rhe1 g5 19. Bd4 Kb8 20. Bh5 f6 21. g3 c5 22. Bc3 Rh7 23. f4 Nd7 24. Rd2 Bf8 25.
Rde2 b6 26. Re6 Kc7 27. Be2 Re7 28. Rxe7 Bxe7 29. Bxa6 Bf8 30. Bb5 gxf4 31. gxf4 h5 32. a4 Bh6 33. Re7 Bxf4+ 34. Kd1 Be5 35. Bd2 Kc8 36.
a5 Bxb2 37. a6 Kb8 38. Bxd7 f5 39. Bc6 1-0

[Event "*** Biggest EVER Titled Tuesday"]
[Site "Chess.com"]
[Date "2018.04.17"]
[Round "2"]
[White "AlexZambrano"]
[Black "GameOverBro"]
[Result "0-1"]
[WhiteElo "2390"]
[BlackElo "2461"]
[TimeControl "180+2"]
[EndTime "13:22:31 PDT"]
[Termination "GameOverBro won by resignation"]

1. e4 d6 2. d4 Nf6 3. Nc3 e5 4. dxe5 dxe5 5. Qxd8+ Kxd8 6. Bg5 Be6 7. O-O-O+ Kc8 8.
f3 Nbd7 9. Nge2 c6 10. Kb1 h6 11. Be3 Bc5 12. Bxc5 Nxc5 13. Nc1 a5 14. Nb3 Nfd7 15. Be2 a4 16. Nxc5 Nxc5 17. Rd6 Kc7 18. Rhd1 Rhd8 19. Rxd8 Rxd8 20. Rxd8 Kxd8 21. a3 Ke7 22.
Nd1 g6 23. Ne3 f5 24. exf5 gxf5 25. Kc1 f4 26. Nc4 Bxc4 27. Bxc4 Kf6 28. Kd2 Kf5 29. Bg8 Kg5 30. b4 axb3 31. cxb3 e4 32. fxe4 Nxe4+ 33. Ke2 Nf6 34. Be6 h5 35. h3 Ne4 36. Bc8 Nd6 37.
Be6 Kf6 38. Bd7 Nb5 39. Kf3 Kg5 40. a4 Nd4+ 41. Ke4 Nxb3 42. Ke5 Nc5 43. Bc8 b6 44. Kd6 Nxa4 45. Kxc6 Kh4 46. Kb5 Nc3+ 47. Kxb6 Nd5+ 48. Kc5 Ne3 49. Bb7 Kg3 50. Bf3 h4 51. Kd4 Nxg2 52.
Bg4 f3 53. Kd3 f2 54. Ke2 Ne3 55. Kxe3 f1=Q 0-1

[Event "*** Biggest EVER Titled Tuesday"]
[Site "Chess.com"]
[Date "2018.04.17"]
[Round "2"]
[White "Rakhmanov_Aleksandr"]
[Black "Arm-Akiba"]
[Result "1-0"]
[WhiteElo "2639"]
[BlackElo "2658"]
[TimeControl "180+2"]
[EndTime "13:22:33 PDT"]
[Termination "Rakhmanov_Aleksandr won by resignation"]

1. c4 e6 2. e4 d5 3. exd5 exd5 4. d4 Nf6 5. Nc3 Bb4 6. Bd3 dxc4 7. Bxc4 O-O 8. Ne2 Nc6 9. a3 Bxc3+ 10. bxc3 Na5 11. Bd3 c5 12. Bg5 h6 13. Bh4 cxd4 14. cxd4 Qd6 15. O-O Nd5 16. Bg3 Qd8 17. Bc2 Re8 18.
Qd3 g6 19. Qf3 Nc4 20. Rfd1 h5 21. h3 b5 22. Be5 Bb7 23. Be4 Qd7 24. Nf4 Rad8 25.
Nxh5 f5 26. Bxd5+ Bxd5 27. Nf6+ Kf7 28. Qg3 Qb7 29. Nxe8 Rxe8 30. Re1 Nd2 31. Qh4 Ke6 32. Qf6+ Kd7 33. Qd6+ Kc8 34. Bf4 Be4 35. Rac1+ Nc4 36. f3 Rd8 37. Qc5+ Bc6 38. Re7 Qb6 39. Rc7+ Qxc7 40. Bxc7 Kxc7 41. Qxa7+ 1-0

[Event "*** Biggest EVER Titled Tuesday"]
[Site "Chess.com"]
[Date "2018.04.17"]
[Round "2"]
[White "FLchessplayer"]
[Black "Nutflush"]
[Result "1-0"]
[WhiteElo "1981"]
[BlackElo "2026"]
[TimeControl "180+2"]
[EndTime "13:22:34 PDT"]
[Termination "FLchessplayer won on time"]

1. d4 Nf6 2. Nf3 e6 3. a3 c5 4. e3 d5 5. c4 Nc6 6. Nc3 a5 7. Be2 dxc4 8. Bxc4 cxd4 9. exd4 Be7 10. O-O O-O 11. h3 b6 12. Bf4 Ba6 13. Bxa6 Rxa6 14. Qe2 Ra7 15. Rfd1 Rd7 16. Be3 Bd6 17. Qb5 Ne7 18. Ne5 Rb7 19. Nc6 Nxc6 20. Qxc6 Qb8 21. Nb5 Bh2+ 22. Kh1 Rc8 23. Qf3 Bd6 24. Rac1 Be7 25.
Kg1 h6 26. Bf4 Qa8 27. Be5 Rd7 28. Qxa8 Rxa8 29. Rc6 Nd5 30. Rdc1 Rad8 31. Kf1 Bf6 32. Bxf6 gxf6 33. g3 f5 34. Ke2 Kg7 35. R1c4 f4 36.
g4 h5 37. Kf3 hxg4+ 38. hxg4 Rh8 39. Nc7 Rh3+ 40. Kg2 Rb3 41. Nxd5 Rxd5 42. Rc7 Rxb2 43.
Rb7 1-0

[Event "*** Biggest EVER Titled Tuesday"]
[Site "Chess.com"]
[Date "2018.04.17"]
[Round "2"]
[White "Pudor"]
[Black "ChessicallyInclined"]
[Result "0-1"]
[WhiteElo "2196"]
[BlackElo "2158"]
[TimeControl "180+2"]
[EndTime "13:22:36 PDT"]
[Termination "ChessicallyInclined won by resignation"]

1. d4 d5 2. c4 e6 3. Nc3 Nf6 4. cxd5 exd5 5. Bg5 Be7 6. e3 c6 7.
Bd3 Nbd7 8. Qc2 h6 9. Bh4 Nh5 10. Bxe7 Qxe7 11. Nge2 Nb6 12. O-O O-O 13. Nc1 Qg5 14. Kh1 Bd7 15. a4 Rae8 16. Nb3 Nc4 17. Nc5 Bc8 18. b3 Nd6 19. b4 f5 20. b5 f4 21. bxc6 bxc6 22. Bg6 Bf5 23. Bxf5 Nxf5 24. e4 Nxd4 25. Qd3 Qe5 26. Nd7 Qg5 27. Qxd4 Rf7 28. Ne5 Rxe5 29. exd5 cxd5 30. Rab1 f3 31. g3 Qf5 32. g4 Qg5 33. Rg1 Nf4 34. Rg3 Ne2 35.
Rb8+ Kh7 36. Qd3+ g6 37. Rxf3 Qc1+ 38. Nd1 Rxf3 39. Rb7+ Kg8 40. Rb8+ Kg7 41. Rb7+ Rf7 42. Rxf7+ Kxf7 43. Kg2 Nf4+ 0-1

[Event "*** Biggest EVER Titled Tuesday"]
[Site "Chess.com"]
[Date "2018.04.17"]
[Round "2"]
[White "GrigorGrigorov"]
[Black "Bryakin_Mikhail"]
[Result "1-0"]
[WhiteElo "2666"]
[BlackElo "2628"]
[TimeControl "180+2"]
[EndTime "13:22:37 PDT"]
[Termination "GrigorGrigorov won by checkmate"]

1. d4 d5 2. c4 c6 3. cxd5 cxd5 4.
Nf3 Nf6 5. Nc3 Nc6 6. Bf4 a6 7. Rc1 e6 8. e3 Bd6 9. Bg3 O-O 10.
Bd3 Na5 11. Ne5 b5 12. Bh4 Be7 13. O-O Bb7 14. Qf3 Rb8 15. Bg5 Nc4 16. Qh3 g6 17.
Bh6 Re8 18. b3 Nxe5 19. dxe5 Nd7 20. f4 Bf8 21. Ne2 Bxh6 22. Qxh6 Rc8 23. Nd4 Qe7 24. h4 Qf8 25. Qg5 Qe7 26. Qg3 Nc5 27. Bb1 Ne4 28. Bxe4 dxe4 29. Rxc8 Rxc8 30. f5 Bd5 31. h5 Rf8 32. f6 Qd8 33. Qg5 Kh8 34.
hxg6 fxg6 35. Rf4 Qd7 36. Rh4 Qf7 37. Ne2 a5 38. Nf4 Rg8 39. Rh6 Bc6 40. Nxe6 Qxe6 41.
Rxh7+ Kxh7 42. Qh4# 1-0

[Event "*** Biggest EVER Titled Tuesday"]
[Site "Chess.com"]
[Date "2018.04.17"]
[Round "2"]
[White "Marcus_Harvey"]
[Black "tigra"]
[Result "0-1"]
[WhiteElo "2619"]
[BlackElo "2693"]
[TimeControl "180+2"]
[EndTime "13:22:44 PDT"]
[Termination "tigra won by resignation"]

1. d4 Nf6 2. Nf3 g6 3. Bf4 Bg7 4. Nc3 d6 5. Qd2 O-O 6. Bh6 Bg4 7. Bxg7 Kxg7 8. Qf4 Nbd7 9. O-O-O c6 10. h3 Bxf3 11.
Qxf3 Qa5 12. e3 e5 13. g4 e4 14. Qf4 b5 15. g5 Ne8 16. Nxe4 Qxa2 17. b3 Nb6 18.
Nf6 a5 19. h4 a4 20. bxa4 b4 21. h5 b3 22. cxb3 Nxa4 23. bxa4 Rb8 24. Bb5 cxb5 25. Rd2 Qa1+ 26. Kc2 Rc8+ 27. Kd3 Qxh1 28. h6+ Kh8 29. Nxe8 Qf1+ 30. Ke4 Rcxe8+ 31. Kf3 f6 32. gxf6 Qh3+ 33. Ke2 Qe6 34. axb5 Rxf6 35. Qg5 Qc4+ 36. Ke1 Qc1+ 37. Ke2 Rxf2+ 38. Kxf2 Qxd2+ 39. Kf3 Rf8+ 40. Ke4 Qc2+ 41. Kd5 Rf5+ 42. Qxf5 Qxf5+ 43. Kc6 Qc8+ 44. Kxd6 g5 45. e4 g4 46. e5 g3 47.
e6 g2 48. d5 g1=Q 49. Ke7 0-1